 Dungeon Crawl Stone Soup version 0.30-a0-596-g0af90f9a20 (webtiles) character file.

Game seed: 12945909354755428391

10 Newt the Ducker (level 2, 0/22 HPs)
             Began as a Demonspawn Gladiator on Jan 6, 2023.
             Succumbed to a kobold's poison
             ... on level 1 of the Dungeon.
             The game lasted 00:00:16 (175 turns).

Newt the Ducker (Demonspawn Gladiator)               Turns: 175, Time: 00:00:16

Health: 0/22       AC:  4    Str: 14    XL:     2   Next: 10%
Magic:  2/2        EV: 12    Int:  9    God:
Gold:   10         SH:  4    Dex: 14    Spells: 1/1 levels left

rFire   . . .      SeeInvis .    a - +0 rapier
rCold   . . .      Faith    .    (no shield)
rNeg    . . .      Spirit   .    b - +0 leather armour
rPois   .          Reflect  .    c - +0 helmet
rElec   .          Harm     .    (no cloak)
rCorr   .          Rampage  .    (no gloves)
Will    .....                    (no boots)
Stlth   ++                       (no amulet)
HPRegen 0.23/turn                (no ring)
MPRegen 0.08/turn                (no ring)

@: brilliant, lethally poisoned (0 -> -10)
A: condensation shield
a: no special abilities


You were on level 1 of the Dungeon.
You visited 1 branch of the dungeon, and saw 1 of its levels.

You collected 10 gold pieces.

Inventory:

Hand Weapons
 a - a +0 rapier (weapon)
 h - a +1 short sword of venom
Missiles
 d - 3 throwing nets (quivered)
 e - a javelin
Armour
 b - a +0 leather armour (worn)
 c - a +0 helmet (worn)
Scrolls
 f - a scroll of fear {unknown}


   Skills:
 - Level 2.0 Fighting
 - Level 2.6 Short Blades
 - Level 1.7 Throwing
 - Level 2.6 Dodging
 + Level 1.8 Stealth


You had one spell level left.
You didn't know any spells.
Your spell library was empty.

Dungeon Overview and Level Annotations

Branches:
Dungeon (1/15)

Altars:


Innate Abilities, Weirdness & Mutations

A meltable shield of frost defends you. (SH +4)


Message History

There is a fountain of clear blue water here.
An endoplasm comes into view.
There is an empty arch of ancient stone here.
An endoplasm is nearby!
A kobold comes into view.
It is wielding a +1 short sword of venom.
The endoplasm quivers.
The endoplasm freezes you.
You are frozen.
You hit the endoplasm.
The endoplasm is severely wounded.
The endoplasm closely misses you.
You hit the endoplasm.
You kill the endoplasm!
You have reached level 2!
Your demonic ancestry asserts itself...
Frost condenses into a shield before you.
The kobold shouts!
A goblin comes into view. It is wielding a +0 club.
You hit the kobold.
The kobold is severely wounded.
The kobold hits you with a +1 short sword of venom.
You are poisoned.
You closely miss the kobold.
The kobold is severely wounded.
You feel very sick.
The kobold hits you with a +1 short sword of venom.
You are lethally poisoned!
You hit the kobold.
You kill the kobold!
You feel very sick.
* * * LOW HITPOINT WARNING * * *
You feel very sick.
Things that are here:
a +1 short sword of venom; a kobold corpse
h - a +1 short sword of venom
* * * LOW HITPOINT WARNING * * *
You feel sick.
It was a potion of brilliance.
You feel clever all of a sudden.
You die...

#............###..
#..♣...........###
#♣......⌠.......##
#...............##
##.♣............##
#####♣.........∩.
#..##.....♣...##
#########..###.......##
......g@....#∩......♣#
#########....###.♣.♣#
#...## ##### #....#
.....#.# ####.##.# #.
#.# #. #.# #. #.#


You could see a goblin.

Vanquished Creatures
  A dart slug (D:1)
  3 endoplasms (D:1)
  A kobold (D:1)
  A ball python (D:1)
  A frilled lizard (D:1)
  A goblin (D:1)
8 creatures vanquished.

Notes
Turn   | Place    | Note
-------+----------+-------------------------------------------
     0 | D:1      | Newt the Demonspawn Gladiator began the quest for the Orb.
     0 | D:1      | Reached XP level 1. HP: 16/16 MP: 1/1
    77 | D:1      | Reached skill level 1 in Stealth
   168 | D:1      | Gained mutation: A meltable shield of frost defends you.
                  | (SH +4) [demonic ancestry]
   168 | D:1      | Reached XP level 2. HP: 18/22 MP: 2/2
   175 | D:1      | Succumbed to a kobold's poison

Illustrated notes

Levels and vault maps discovered:
D:1:      nzn_arrival_settlement, layout_loops_ring, serial_shops,
          nicolae_shop_statue_plus

Skill      XL: |  1 |
---------------+----+-----
Stealth        | 1 |  1.8
Fighting       | |  2.0
Short Blades   | |  2.6
Throwing       | |  1.7
Dodging        | |  2.6

Action                   || total
-------------------------++-------
Melee: Rapier            ||    23
  Use: Potion            ||     1
 Stab: Sleeping          ||     1
Armor: Leather armour    ||     3
Dodge: Dodged            ||    13

Table legend: (Time is in decaauts)
 A = Elapsed time spent in this place.
 B = Non-inter-level travel time spent in this place.
 C = Inter-level travel time spent in this place.
 D = Time resting spent in this place.
 E = Time spent auto-exploring this place.
 F = Levels seen in this place.
 G = Mean time per level.
                   A        B        C        D        E       F      G
               +--------+--------+--------+--------+--------+-----+--------+
         Total |    176 |    176 |      0 |      0 |    118 |   1 |  176.0 |
       Dungeon |    176 |    176 |      0 |      0 |    118 |   1 |  176.0 |
               +--------+--------+--------+--------+--------+-----+--------+

Top non-repeatable levels by time:
     D:1: 176 daAuts
